 Dungeon Crawl Stone Soup version 0.23.1-37-gaa34b87 (webtiles) character file.

Game seed: 13051982319069695050

437 Inchmeat the Cudgeler (level 7, -5/40 HPs)
             Began as a Gargoyle Gladiator on Mar 21, 2019.
             Slain by an orc priest
             ... wielding a +4 trident
              (8 damage)
             ... on level 5 of the Dungeon.
             The game lasted 00:04:01 (3333 turns).

Inchmeat the Cudgeler (Gargoyle Gladiator)          Turns: 3333, Time: 00:04:02

Health: -5/40      AC:  8    Str: 20    XL:     7   Next: 1%
Magic:  7/7        EV: 12    Int:  8    God:
Gold:   200        SH:  0    Dex: 11    Spells: 6/6 levels left

rFire    . . .     SeeInvis .   a - +0 flail
rCold    . . .     Gourm    .   (no shield)
rNeg     + . .     Faith    .   b - +0 leather armour
rPois    ∞         Spirit   .   c - +0 helmet
rElec    +         Reflect  .   (no cloak)
rCorr    .         Harm     .   (no gloves)
MR       .....                  (no boots)
Stlth    +.........             (no amulet)
HPRegen  0.13/turn              (no ring)
MPRegen  0.10/turn              (no ring)

@: no status effects
A: negative energy resistance 1, electricity resistance, unbreathing,
petrification resistance, rot immunity, AC +4
a: no special abilities


You were on level 5 of the Dungeon.
You were hungry.

You visited 1 branch of the dungeon, and saw 4 of its levels.

You collected 200 gold pieces.

Inventory:

Hand Weapons
 a - a +0 flail (weapon)
Missiles
 d - 2 throwing nets (quivered)
Armour
 b - a +0 leather armour (worn)
 c - a +0 helmet (worn)
Jewellery
 p - an uncursed ring of fire {unknown}
Scrolls
 e - a scroll of noise {unknown}
 i - 3 scrolls of identify {unknown}
 j - 2 scrolls of remove curse {unknown}
 l - 2 scrolls of teleportation {unknown}
 n - 2 scrolls of fear {unknown}
 t - a scroll of random uselessness {unknown}
Potions
 h - a potion of lignification
Comestibles
 f - 9 rations


   Skills:
 - Level 2.2 Fighting
 + Level 7.6 Maces & Flails
 - Level 1.8 Throwing
 - Level 2.4 Dodging


You had 6 spell levels left.
You didn't know any spells.
Your spell library was empty.

Dungeon Overview and Level Annotations

Branches:
Dungeon (3/15)

Altars:

Shops:
D:5 }


Innate Abilities, Weirdness & Mutations

You are resistant to torment.
Your stone body is resilient. (AC +4)
You are immune to poison.
You resist negative energy. (rN+)
You are resistant to electric shocks. (rElec)
You can survive without breathing.
You are immune to petrification.
You are immune to rotting.


Message History

Tha orc priest misses ye.
Ye barely miss tha orc priest.
Tha orc priest be heavily wounded.
Tha orc priest struggles against tha net.
Tha net rips apart, an' tha orc priest comes free!
Tha orc priest misses ye.
Ye hit tha orc priest.
Tha orc priest be heavily wounded.
Tha orc priest barely misses ye. x2
Ye closely miss tha orc priest.
Tha orc priest be heavily wounded.
Tha orc priest invokes tha aid o' Beogh against ye.
Pain shoots through yer body!
* * * LOW HITPOINT WARNIN'
* * * Tha orc priest hits ye.
* * * LOW HITPOINT WARNIN'
* * * Ye closely miss tha orc priest.
Tha orc priest be heavily wounded.
Tha orc priest hits ye wit' a +4 trident!
Ye die...

##. ## ..... # .o...
### ...... ##.####
....o. ##.....###
......###........###
.......#...........###
#......#o@...........#
#....)∩o............#
#...................#
#...................#
##
#..................##
##.
#..................#
#..
#..................#
#..
##................##
#.. #...............##
#..


You could see 2 orc priests.

Vanquished Creatures
  A hornet zombie (D:5)
  A sky beast (D:5)
  2 crimson imps (D:5)
  A bullfrog skeleton (D:3)
  An orc priest (D:2)
  An orc wizard (D:2)
  3 adders
  An ooze (D:1)
  An adder zombie (D:3)
  An adder skeleton (D:3)
  3 worms
  A dart slug (D:3)
  A leopard gecko (D:1)
  5 orcs
  2 giant cockroaches
  6 goblins
  5 hobgoblins
  A jackal (D:1)
  A bat (D:3)
  6 frilled lizards
  A jackal skeleton (D:3)
  4 kobolds
  4 rats
53 creatures vanquished.

Notes
Turn   | Place    | Note
-------+----------+-------------------------------------------
     0 | D:1      | Inchmeat the Gargoyle Gladiator began the quest for the
                  | Orb.
     0 | D:1      | Reached XP level 1. HP: 12/12 MP: 1/1
   275 | D:1      | Reached XP level 2. HP: 17/17 MP: 2/2
   906 | D:2      | Reached skill level 4 in Maces & Flails
  1039 | D:2      | Reached XP level 3. HP: 18/21 MP: 3/3
  1345 | D:2      | Reached XP level 4. HP: 14/26 MP: 4/4
  1351 | D:2      | HP: 1/26 [orc priest/divine providence (12)]
  1356 | D:2      | Reached skill level 5 in Maces & Flails
  2246 | D:3      | Reached XP level 5. HP: 29/30 MP: 5/5
  2341 | D:3      | Reached skill level 6 in Maces & Flails
  2544 | D:3      | You fall through a shaft for 2 floors!
  2544 | D:5      | Entered Level 5 of the Dungeon
  2621 | D:5      | Reached XP level 6. HP: 4/35 MP: 6/6
  2979 | D:5      | Reached skill level 7 in Maces & Flails
  3089 | D:5      | Noticed a sky beast
  3189 | D:5      | Killed a sky beast
  3189 | D:5      | Reached XP level 7. HP: 40/40 MP: 7/7
  3298 | D:5      | Found Vittabu's Gadget Boutique.
  3320 | D:5      | HP: 2/40 [orc priest/divine providence (13)]
  3333 | D:5      | Slain by an orc priest

Skill      XL: |  1  2  3  4  5  6 |
---------------+-------------------+-----
Maces & Flails | 4 5 6 7 |  7.6
Fighting       | |  2.2
Throwing       | |  1.8
Dodging        | |  2.4

Action                   |  1- 3 |  4- 6 |  7- 9 || total
-------------------------+-------+-------+-------++-------
Melee: Flail             |    78 |   155 |    12 ||   245
Throw: Throwing net      |       |     2 |     1 ||     3
  Use: Potion            |       |     8 |     1 ||     9
  Eat: Chunk             |       |     6 |     1 ||     7
Armor: Leather armour    |    24 |    53 |       ||    77
       Skin              |       |     7 |       ||     7
Dodge: Dodged            |    60 |    85 |     9 ||   154
